 Dungeon Crawl Stone Soup version 0.21.1-1-g345015fe64 (webtiles) character file.

32 Naru the Sneak (level 3, 0/30 HPs)
             Began as a Draconian Assassin on June 8, 2018.
             Killed from afar by Sigmund (9 damage)
             ... with a puff of flame
             ... on level 2 of the Dungeon.
             The game lasted 00:04:05 (1236 turns).

Naru the Sneak (Draconian Assassin)                 Turns: 1236, Time: 00:04:05

Health: 0/30       AC:  7    Str: 14    XL:     3   Next: 10%
Magic:  3/3        EV: 11    Int: 11    God:
Gold:   109        SH:  0    Dex: 12    Spells: 2/2 levels left

rFire    x . .     SeeInvis .   a - +2 dagger
rCold    + . .     Gourm    .   (no shield)
rNeg     + . .     Faith    .   (armour unavailable)
rPois    .         Spirit   .   (helmet restricted)
rElec    .         Reflect  .   c - +0 cloak
rCorr    .         Harm     .   j - +0 pair of gloves
MR       .....                  (no boots)
Stlth    ++........             (no amulet)
HPRegen  0.10/turn              g - ring of positive energy
MPRegen  0.08/turn              p - ring of ice

@: no status effects
A: unfitting armour, cold-blooded, AC +5
a: no special abilities


You were on level 2 of the Dungeon.
You were very hungry.

You visited 1 branch of the dungeon, and saw 2 of its levels.

You collected 109 gold pieces.

Inventory:

Hand Weapons
 a - a +2 dagger (weapon)
 b - a +0 blowgun
Missiles
 d - 8 poisoned needles
 e - 2 curare-tipped needles
Armour
 c - a +0 cloak (worn)
 h - a +0 robe
 j - a +0 pair of gloves (worn)
Jewellery
 g - a ring of positive energy (left hand)
 p - a ring of ice (right hand)
Scrolls
 k - a scroll of magic mapping
 n - a scroll of identify
Potions
 i - a potion of brilliance {unknown}
 l - a potion of agility {unknown}
 m - a potion of degeneration {unknown}
Comestibles
 f - 4 rations


   Skills:
 * Level 2.6 Fighting
 * Level 2.5 Short Blades
 - Level 1.7 Throwing
 - Level 0.8 Dodging
 + Level 4.2 Stealth


You had 2 spell levels left.
You didn't know any spells.

Dungeon Overview and Level Annotations

Branches:
Dungeon (2/15)

Altars:
Vehumet

Annotations:
D:2 Sigmund


Innate Abilities, Weirdness & Mutations

Your plain brown scales are hard. (AC +5)
You cannot fit into any form of body armour.
You are cold-blooded and may be slowed by cold attacks.


Message History

The hobgoblin completely misses you.
You hit the hobgoblin.
You kill the hobgoblin!
Sigmund the Dreaded comes into view.
He is wielding a scythe of slicing.
Sigmund gestures at you while chanting. The magic dart hits you!
You see here a hobgoblin corpse.
Sigmund is nearby!
Sigmund casts a spell at you. The puff of flame hits you!
The fire burns you terribly!
Ouch! That really hurt!
* * * LOW HITPOINT WARNING * * *
There is an open door here.
You see here 24 stones.
You are feeling very hungry.
Sigmund gestures at you while chanting. The puff of flame misses you.
Sigmund points at you and mumbles some strange words.
The puff of flame hits you! The fire burns you terribly!
You die...

#.###..##..<.........# #..#.#.#
...<.....#####...##### #...#..#
.#.......# ##.## #..###.#
.#.##.##.# #.# #.#.#(.# #
.#.##.##.# #.# #.##.#.# #
.#.#..##.# ##+## #......# #
.#.#.###.# ##...## ####.### #
.........# ##.....## ###.# #
####..######....@..## ##.#.# #
##...####.........####....#####
#.......+........('.@..........
##...####.........####....#####
#..## ##.......## ##.#.# # #.##
##.....## ###.# #.# ####...##
#.# #.# #.......# #.# #.#
#.###.#.# #.#


You could see Sigmund.

Vanquished Creatures
  An ooze (D:1)
  2 leopard geckos (D:1)
  3 giant cockroaches (D:1)
  5 goblins
  4 hobgoblins
  A ball python (D:1)
  A bat (D:2)
  A frilled lizard (D:1)
  3 kobolds (D:1)
  5 rats (D:1)
26 creatures vanquished.

Notes
Turn   | Place    | Note
-------+----------+-------------------------------------------
     0 | D:1      | Naru the Draconian Assassin began the quest for the Orb.
     0 | D:1      | Reached XP level 1. HP: 17/17 MP: 1/1
   108 | D:1      | Reached XP level 2. HP: 11/25 MP: 2/2
   121 | D:1      | Reached skill level 4 in Stealth
   959 | D:1      | Reached XP level 3. HP: 30/30 MP: 3/3
  1192 | D:2      | Found a radiant altar of Vehumet.
  1204 | D:2      | Noticed Sigmund
  1236 | D:2      | Killed from afar by Sigmund

Skill      XL: |  1  2 |
---------------+-------+-----
Stealth        | 4 |  4.2
Fighting       | |  2.6
Short Blades   | |  2.5
Throwing       | |  1.7
Dodging        | |  0.8

Action                   || total
-------------------------++-------
Melee: Dagger            ||    89
       Tailslap          ||     5
  Use: Scroll            ||     4
 Stab: Sleeping          ||     3
Armor: Skin              ||    39
Dodge: Dodged            ||    58
